Sabres vs Oilers

Created - November-17-12 at 11:07

Goals
1 2 3 OT1 T
Sabres 2 0 0 0 2
Oilers 0 0 2 1 3
Shots
1 2 3 OT1 T
Sabres 6 5 4 3 18
Oilers 8 6 14 2 30

1st period

1. Sabres , Thomas Vanek 4 (Daniel Briere, Chris Butler) at 4:33
2. Sabres , Jordan Staal 6 (Tyler Myers, Trevor Daley) at 18:16 (PP)

Penalties :
Jason Pominville (EDM) for Hooking (Minor) at 14:03, Jay Bouwmeester (BUF) for Tripping (Minor) at 14:03, Jan Hejda (EDM) for High sticking (Minor) at 17:07, Ladislav Smid (BUF) for Hooking (Minor) at 19:43

2nd period

No Goal

Penalties :
Marian Hossa (BUF) for Cross-checking (Minor) at 8:18, Mike Richards (BUF) for Interference (Minor) at 10:35, Jason Pominville (EDM) for Roughing (Minor) at 14:25, Patrick Kaleta (BUF) for Hooking (Minor) at 14:25

3rd period

3. Oilers , Jason Pominville 13 (Dany Heatley) at 8:37
4. Oilers , Jakub Voracek 4 (Jochen Hecht, Jan Hejda) at 12:24

Penalties :
Ladislav Smid (BUF) for Delaying the game (Minor) at 18:17

Overtime #1

5. Oilers , Jan Hejda 4 (Ruslan Fedotenko, Nate Guenin) at 1:33

Penalties :
No Penalty

Goalie Stats

Corey Crawford (BUF), 27 saves from 30 shots - (0.900), OTL, 6-8-4, 61:34 minutes
Kari Lehtonen (EDM), 16 saves from 18 shots - (0.889), W, 14-4-2, 61:34 minutes

Players Stats for Sabres

Player Name              G  A  P  +/- PIM S  H  SB GA TA FO     MP     PP MP  PK MP  
------------------------------------------------------------------------------------
Andrej Sekera            0  0  0   1  0   0  1  0  0  0  0/0     8:54   0:00   2:48 
Carson McMillan          0  0  0   0  0   0  0  0  0  0  0/6     6:52   0:00   0:00 
Chris Butler             0  1  1   1  0   0  0  0  0  0  0/0     5:17   0:00   0:00 
Chris Stewart            0  0  0  -1  0   1  2  0  0  0  1/1    12:10   0:00   0:00 
Christian Ehrhoff        0  0  0   0  0   0  0  0  0  0  0/0    20:51   0:43   0:00 
Dan Cleary               0  0  0  -1  0   0  3  0  0  0  0/0    23:05   0:00   0:30 
Daniel Briere            0  1  1   0  0   1  0  0  0  0  15/23  17:55   0:43   1:47 
Jay Bouwmeester          0  0  0  -3  2   0  2  4  0  0  0/0    20:19   0:43   3:08 
Jordan Staal             1  0  1  -1  0   6  3  0  0  0  16/32  23:13   0:26   4:45 
Karl Alzner              0  0  0   0  0   0  0  0  0  0  0/0    14:09   0:00   4:48 
Ladislav Smid            0  0  0   0  4   0  3  1  0  0  0/0    22:06   0:00   2:00 
Marian Hossa             0  0  0  -1  2   3  1  0  0  0  2/2    22:37   0:43   3:50 
Mike Richards            0  0  0  -1  2   1  0  0  0  0  3/9    16:25   0:26   2:53 
Patrick Kaleta           0  0  0   0  2   1  3  1  0  0  0/1     7:09   0:00   0:00 
Thomas Vanek             1  0  1   0  0   3  0  0  0  0  0/0    18:21   0:43   0:12 
Trevor Daley             0  1  1  -3  0   0  2  1  0  0  0/0    21:17   0:26   3:08 
Tuomo Ruutu              0  0  0   0  0   1  1  0  0  0  0/0    22:35   0:26   1:38 
Tyler Myers              0  1  1   0  0   1  1  0  0  0  0/0    11:01   0:26   0:00 

Players Stats for Oilers

Player Name              G  A  P  +/- PIM S  H  SB GA TA FO     MP     PP MP  PK MP  
------------------------------------------------------------------------------------
Adam Burish              0  0  0   0  0   4  2  0  0  0  10/19  14:43   0:00   0:51 
Chris Phillips           0  0  0   0  0   1  5  1  0  0  0/0    22:25   3:49   0:00 
Dany Heatley             0  1  1   0  0   3  1  0  0  0  0/1    25:00   3:42   0:00 
Derek Roy                0  0  0   1  0   2  1  0  0  0  9/14   17:22   3:42   0:00 
Dustin Jeffrey           0  0  0   0  0   1  2  0  0  0  5/9     8:00   0:00   0:00 
Erik Gustafsson          0  0  0  -1  0   2  0  1  0  0  0/0    26:02   3:49   0:51 
Jakub Voracek            1  0  1   1  0   3  1  0  0  0  0/1    19:33   3:57   0:00 
Jan Hejda                1  1  2   2  2   3  5  0  0  0  0/0    22:00   3:50   0:00 
Jason Pominville         1  0  1   0  4   8  0  0  0  0  1/1    25:16   3:42   0:18 
Jed Ortmeyer             0  0  0   0  0   0  0  1  0  0  0/0     3:32   0:00   0:00 
Jeff Schultz             0  0  0   1  0   1  0  1  0  0  0/0    19:47   0:00   0:51 
Jochen Hecht             0  1  1   1  0   0  0  0  0  0  10/23  19:33   3:57   0:00 
Lennart Petrell          0  0  0   1  0   1  0  0  0  0  1/2     2:00   0:00   0:00 
Nate Guenin              0  1  1   1  0   0  1  1  0  0  0/0    19:05   3:50   0:18 
Radek Dvorak             0  0  0   0  0   0  0  0  0  0  1/1    10:38   0:00   0:18 
Ruslan Fedotenko         0  1  1   1  0   0  1  0  0  0  0/1    13:11   0:00   0:51 
Scott Hannan             0  0  0   0  0   1  1  1  0  0  0/0    13:26   0:00   0:18 
Tomas Holmstrom          0  0  0   1  0   0  2  0  0  0  0/2    19:33   3:57   0:00 

3 Stars

1 - Jan Hejda (EDM)
2 - Jakub Voracek (EDM)
3 - Jordan Staal (BUF)

Power Play

Sabres - 1 on 1 Attempt(s) - 100.00%
Oilers - 0 on 4 Attempt(s) - 0.00%

Penalty Kill

Sabres - 4 on 4 Attempt(s) - 100.00% - Score 0 goal in Penalty Kill
Oilers - 0 on 1 Attempt(s) - 0.00% - Score 0 goal in Penalty Kill

Official

Referees : Eric Furlatt and Jean Hebert
Linesman : Bryan Pancich and Mark Wheler

Game Notes

Scott Hannan is injured at 4:30 of 3rd period (Left Foot)

Finance

Level 1 -- Attendance: 2600 (40.00%) -- Ticket Income $780,000
Level 2 -- Attendance: 2846 (56.92%) -- Ticket Income $426,900
Level 3 -- Attendance: 2985 (85.29%) -- Ticket Income $238,800
Level 4 -- Attendance: 839 (100.00%) -- Ticket Income $50,340
Luxury Box -- Attendance: 400 (40.00%) -- Ticket Income $280,000
Game was played at the Rexall Place
Total Attendance: 9670 (57.43%)
Total Ticket Income: $1,776,040
Other Income: $266,406
Total Income: $2,042,446


% Time on Ice - Sabres

Lines # - Real PCT - Wanted PCT - Time Play
Normal Forward
1 - 30% - 35% - 13:58
2 - 30% - 35% - 14:14
3 - 26% - 24% - 12:10
4 - 15% - 6% - 6:52
Normal Defense
1 - 37% - 40% - 17:26
2 - 32% - 35% - 15:10
3 - 20% - 20% - 9:21
4 - 11% - 5% - 5:17
PP Forward
1 - 62% - 60% - 0:43
2 - 38% - 40% - 0:26
PP Defense
1 - 62% - 65% - 0:43
2 - 38% - 35% - 0:26
PK Forward
1 - 85% - 65% - 6:28
2 - 15% - 35% - 1:11
PK Defense
1 - 59% - 65% - 4:31
2 - 41% - 35% - 3:08
PK3 Forward
1 - 100% - 65% - 0:17
2 - 0% - 35% - 0:00
PK3 Defense
1 - 100% - 65% - 0:17
2 - 0% - 35% - 0:00
44 Forward
1 - 77% - 60% - 4:04
2 - 23% - 40% - 1:11
44 Defense
1 - 51% - 60% - 2:42
2 - 49% - 40% - 2:33
Last Minute Offensive  - 0:00
Last Minute Defensive  - 0:00
Total
Forward - 61:34
Defense - 61:34

% Time on Ice - Oilers

Lines # - Real PCT - Wanted PCT - Time Play
Normal Forward
1 - 29% - 34% - 13:40
2 - 33% - 33% - 15:36
3 - 16% - 23% - 7:38
4 - 22% - 10% - 10:20
Normal Defense
1 - 34% - 37% - 16:02
2 - 38% - 30% - 18:05
3 - 23% - 28% - 10:53
4 - 5% - 5% - 2:14
PP Forward
1 - 48% - 55% - 3:42
2 - 52% - 45% - 3:57
PP Defense
1 - 50% - 57% - 3:49
2 - 50% - 43% - 3:50
PK Forward
1 - 74% - 59% - 0:51
2 - 26% - 41% - 0:18
PK Defense
1 - 0% - 53% - 0:00
2 - 100% - 47% - 1:09
PK3 Forward
1 - 0% - 55%
2 - 0% - 45%
PK3 Defense
1 - 0% - 60%
2 - 0% - 40%
44 Forward
1 - 64% - 60% - 3:32
2 - 36% - 40% - 2:00
44 Defense
1 - 60% - 60% - 3:20
2 - 40% - 40% - 2:12
Last Minute Offensive  - 0:00
Last Minute Defensive  - 0:00
Total
Forward - 61:34
Defense - 61:34

Play by Play

1st period


0:01 of 1st period - Jordan Staal wins face-off versus Derek Roy in neutral zone.
0:03 of 1st period - Off-side.
0:04 of 1st period - Daniel Briere wins face-off versus Jochen Hecht in neutral zone.
0:16 of 1st period - Shot by Tomas Holmstrom.
0:16 of 1st period - Shot Blocked by Trevor Daley.
1:34 of 1st period - Jason Pominville is hit by Dan Cleary and loses puck.
2:09 of 1st period - Shot by Adam Burish.
2:09 of 1st period - Shot Misses the Net.
2:35 of 1st period - Mike Richards is hit by Adam Burish and loses puck.
3:27 of 1st period - Icing by Jan Hejda.
3:28 of 1st period - Jochen Hecht wins face-off versus Jordan Staal in Oilers zone.
4:33 of 1st period - Shot by Thomas Vanek.
4:33 of 1st period - Goal by Thomas Vanek - Sabres : 1 - Oilers : 0.
4:34 of 1st period - Adam Burish wins face-off versus Carson McMillan in neutral zone.
5:09 of 1st period - Shot by Ruslan Fedotenko.
5:09 of 1st period - Shot Misses the Net.
5:22 of 1st period - Icing by Ruslan Fedotenko.
5:23 of 1st period - Adam Burish wins face-off versus Mike Richards in Oilers zone.
5:23 of 1st period - Adam Burish is hit by Dan Cleary.
5:58 of 1st period - Chris Phillips is hit by Chris Stewart and loses puck.
6:02 of 1st period - Chris Phillips is hit by Trevor Daley and loses puck.
6:09 of 1st period - Shot by Jason Pominville.
6:09 of 1st period - Stopped by Corey Crawford with a rebound.
6:11 of 1st period - Shot by Erik Gustafsson.
6:11 of 1st period - Stopped by Corey Crawford without a rebound.
6:12 of 1st period - Daniel Briere wins face-off versus Tomas Holmstrom in Sabres zone.
6:23 of 1st period - Jochen Hecht is hit by Tuomo Ruutu and loses puck.
6:29 of 1st period - Daniel Briere is hit by Scott Hannan and loses puck.
7:08 of 1st period - Shot by Jordan Staal.
7:08 of 1st period - Stopped by Kari Lehtonen without a rebound.
7:09 of 1st period - Jordan Staal wins face-off versus Dustin Jeffrey in Oilers zone.
7:09 of 1st period - Marian Hossa is hit by Chris Phillips and loses puck.
7:30 of 1st period - Shot by Jordan Staal.
7:30 of 1st period - Shot Misses the Net.
7:56 of 1st period - Chris Phillips is hit by Trevor Daley and loses puck.
10:08 of 1st period - Shot by Chris Phillips.
10:08 of 1st period - Stopped by Corey Crawford without a rebound.
10:09 of 1st period - Jason Pominville wins face-off versus Jordan Staal in Sabres zone.
10:12 of 1st period - Shot by Jason Pominville.
10:12 of 1st period - Stopped by Corey Crawford without a rebound.
10:13 of 1st period - Derek Roy wins face-off versus Jordan Staal in Sabres zone.
10:13 of 1st period - Derek Roy is hit by Tyler Myers.
10:38 of 1st period - Jordan Staal is hit by Chris Phillips.
11:05 of 1st period - Icing by Christian Ehrhoff.
11:06 of 1st period - Adam Burish wins face-off versus Daniel Briere in Sabres zone.
11:06 of 1st period - Adam Burish is hit by Ladislav Smid.
11:33 of 1st period - Ruslan Fedotenko is hit by Ladislav Smid and loses puck.
11:36 of 1st period - Shot by Ruslan Fedotenko.
11:36 of 1st period - Shot Misses the Net.
11:38 of 1st period - Shot by Jeff Schultz.
11:38 of 1st period - Shot Misses the Net.
11:40 of 1st period - Shot by Jeff Schultz.
11:40 of 1st period - Stopped by Corey Crawford without a rebound.
11:41 of 1st period - Mike Richards wins face-off versus Jochen Hecht in Sabres zone.
12:00 of 1st period - Shot by Chris Stewart.
12:00 of 1st period - Stopped by Kari Lehtonen without a rebound.
12:01 of 1st period - Jordan Staal wins face-off versus Dany Heatley in Oilers zone.
12:33 of 1st period - Off-side.
12:34 of 1st period - Jochen Hecht wins face-off versus Carson McMillan in neutral zone.
12:43 of 1st period - Shot by Tuomo Ruutu.
12:43 of 1st period - Stopped by Kari Lehtonen without a rebound.
12:44 of 1st period - Chris Stewart wins face-off versus Jochen Hecht in Oilers zone.
13:06 of 1st period - Christian Ehrhoff is hit by Jan Hejda.
14:03 of 1st period - Minor Penalty to Jason Pominville for Hooking.
14:03 of 1st period - Minor Penalty to Jay Bouwmeester for Tripping.
14:04 of 1st period - Jordan Staal wins face-off versus Adam Burish in Sabres zone.
14:50 of 1st period - Icing by Marian Hossa.
14:51 of 1st period - Jordan Staal wins face-off versus Adam Burish in Sabres zone.
14:58 of 1st period - Scott Hannan is hit by Marian Hossa and loses puck.
15:14 of 1st period - Shot by Jed Ortmeyer.
15:14 of 1st period - Deflect By Adam Burish.
15:14 of 1st period - Stopped by Corey Crawford without a rebound.
15:15 of 1st period - Marian Hossa wins face-off versus Lennart Petrell in Sabres zone.
16:08 of 1st period - Jan Hejda is hit by Chris Stewart and loses puck.
16:13 of 1st period - Shot by Mike Richards.
16:13 of 1st period - Shot Misses the Net.
16:46 of 1st period - Mike Richards is hit by Jan Hejda and loses puck.
17:06 of 1st period - Tyler Myers is hit by Jan Hejda and loses puck.
17:07 of 1st period - Minor Penalty to Jan Hejda for High sticking.
17:08 of 1st period - Daniel Briere wins face-off versus Adam Burish in Oilers zone.
18:16 of 1st period - Shot by Jordan Staal.
18:16 of 1st period - Goal by Jordan Staal - Sabres : 2 - Oilers : 0.
18:17 of 1st period - Jochen Hecht wins face-off versus Carson McMillan in neutral zone.
18:31 of 1st period - Tuomo Ruutu is hit by Jan Hejda and loses puck.
18:38 of 1st period - Shot by Patrick Kaleta.
18:38 of 1st period - Stopped by Kari Lehtonen without a rebound.
18:39 of 1st period - Mike Richards wins face-off versus Dustin Jeffrey in Oilers zone.
19:01 of 1st period - Dan Cleary is hit by Chris Phillips and loses puck.
19:43 of 1st period - Minor Penalty to Ladislav Smid for Hooking.
19:44 of 1st period - Derek Roy wins face-off versus Jordan Staal in Sabres zone.
19:47 of 1st period - Shot by Jason Pominville.
19:47 of 1st period - Stopped by Corey Crawford with a rebound.
19:49 of 1st period - Shot by Dany Heatley.
19:49 of 1st period - Stopped by Corey Crawford without a rebound.
19:50 of 1st period - Jochen Hecht wins face-off versus Jordan Staal in Sabres zone.

2nd period


0:01 of 2nd period - Jordan Staal wins face-off versus Derek Roy in neutral zone.
0:35 of 2nd period - Shot by Jason Pominville.
0:35 of 2nd period - Shot Misses the Net.
0:37 of 2nd period - Shot by Jason Pominville.
0:37 of 2nd period - Stopped by Corey Crawford without a rebound.
0:38 of 2nd period - Jordan Staal wins face-off versus Jochen Hecht in Sabres zone.
3:27 of 2nd period - Icing by Nate Guenin.
3:28 of 2nd period - Jochen Hecht wins face-off versus Jordan Staal in Oilers zone.
3:28 of 2nd period - Jochen Hecht is hit by Dan Cleary.
4:29 of 2nd period - Shot by Jason Pominville.
4:29 of 2nd period - Shot Blocked by Patrick Kaleta.
5:19 of 2nd period - Shot by Ruslan Fedotenko.
5:19 of 2nd period - Shot Misses the Net.
5:27 of 2nd period - Scott Hannan is hit by Patrick Kaleta and loses puck.
5:36 of 2nd period - Shot by Scott Hannan.
5:36 of 2nd period - Stopped by Corey Crawford without a rebound.
5:37 of 2nd period - Jordan Staal wins face-off versus Dustin Jeffrey in Sabres zone.
6:03 of 2nd period - Scott Hannan is hit by Jordan Staal and loses puck.
6:42 of 2nd period - Shot by Jochen Hecht.
6:42 of 2nd period - Deflect By Jakub Voracek.
6:42 of 2nd period - Stopped by Corey Crawford without a rebound.
6:43 of 2nd period - Daniel Briere wins face-off versus Adam Burish in Sabres zone.
6:45 of 2nd period - Icing by Karl Alzner.
6:46 of 2nd period - Daniel Briere wins face-off versus Jochen Hecht in Sabres zone.
6:46 of 2nd period - Daniel Briere is hit by Tomas Holmstrom.
7:00 of 2nd period - Shot by Thomas Vanek.
7:00 of 2nd period - Stopped by Kari Lehtonen without a rebound.
7:01 of 2nd period - Daniel Briere wins face-off versus Ruslan Fedotenko in Oilers zone.
7:01 of 2nd period - Chris Butler is hit by Chris Phillips and loses puck.
7:51 of 2nd period - Off-side.
7:52 of 2nd period - Derek Roy wins face-off versus Jordan Staal in neutral zone.
7:52 of 2nd period - Derek Roy is hit by Jordan Staal.
8:18 of 2nd period - Minor Penalty to Marian Hossa for Cross-checking.
8:19 of 2nd period - Jordan Staal wins face-off versus Jochen Hecht in Sabres zone.
8:19 of 2nd period - Jordan Staal is hit by Tomas Holmstrom.
8:41 of 2nd period - Icing by Jan Hejda.
8:42 of 2nd period - Jochen Hecht wins face-off versus Jordan Staal in Oilers zone.
9:25 of 2nd period - Shot by Jason Pominville.
9:25 of 2nd period - Shot Misses the Net.
9:27 of 2nd period - Shot by Chris Phillips.
9:27 of 2nd period - Shot Misses the Net.
9:29 of 2nd period - Shot by Erik Gustafsson.
9:29 of 2nd period - Shot Misses the Net.
9:31 of 2nd period - Shot by Jason Pominville.
9:31 of 2nd period - Stopped by Corey Crawford without a rebound.
9:32 of 2nd period - Jordan Staal wins face-off versus Derek Roy in Sabres zone.
10:14 of 2nd period - Icing by Jochen Hecht.
10:15 of 2nd period - Jochen Hecht wins face-off versus Mike Richards in Oilers zone.
10:35 of 2nd period - Minor Penalty to Mike Richards for Interference.
10:36 of 2nd period - Marian Hossa wins face-off versus Jochen Hecht in Sabres zone.
11:27 of 2nd period - Shot by Jan Hejda.
11:27 of 2nd period - Shot Misses the Net.
11:29 of 2nd period - Shot by Jason Pominville.
11:29 of 2nd period - Shot Misses the Net.
11:31 of 2nd period - Shot by Dany Heatley.
11:31 of 2nd period - Stopped by Corey Crawford without a rebound.
11:32 of 2nd period - Derek Roy wins face-off versus Jordan Staal in Sabres zone.
11:40 of 2nd period - Icing by Jason Pominville.
11:41 of 2nd period - Derek Roy wins face-off versus Jordan Staal in Oilers zone.
11:45 of 2nd period - Icing by Dany Heatley.
11:46 of 2nd period - Derek Roy wins face-off versus Jordan Staal in Oilers zone.
11:56 of 2nd period - Shot by Jan Hejda.
11:56 of 2nd period - Stopped by Corey Crawford without a rebound.
11:57 of 2nd period - Jordan Staal wins face-off versus Jakub Voracek in Sabres zone.
13:54 of 2nd period - Shot by Radek Dvorak.
13:54 of 2nd period - Shot Misses the Net.
13:59 of 2nd period - Icing by Christian Ehrhoff.
14:00 of 2nd period - Jochen Hecht wins face-off versus Daniel Briere in Sabres zone.
14:00 of 2nd period - Jochen Hecht is hit by Ladislav Smid.
14:21 of 2nd period - Shot by Daniel Briere.
14:21 of 2nd period - Stopped by Kari Lehtonen without a rebound.
14:22 of 2nd period - Dustin Jeffrey wins face-off versus Patrick Kaleta in Oilers zone.
14:22 of 2nd period - Dustin Jeffrey is hit by Patrick Kaleta.
14:25 of 2nd period - Minor Penalty to Jason Pominville for Roughing.
14:25 of 2nd period - Minor Penalty to Patrick Kaleta for Hooking.
14:26 of 2nd period - Jordan Staal wins face-off versus Adam Burish in neutral zone.
14:29 of 2nd period - Erik Gustafsson is hit by Jordan Staal.
14:35 of 2nd period - Shot by Jeff Schultz.
14:35 of 2nd period - Deflect By Adam Burish.
14:35 of 2nd period - Shot Misses the Net.
15:40 of 2nd period - Off-side.
15:41 of 2nd period - Adam Burish wins face-off versus Jordan Staal in neutral zone.
15:46 of 2nd period - Shot by Jeff Schultz.
15:46 of 2nd period - Shot Blocked by Jay Bouwmeester.
16:00 of 2nd period - Shot by Jordan Staal.
16:00 of 2nd period - Stopped by Kari Lehtonen without a rebound.
16:01 of 2nd period - Daniel Briere wins face-off versus Adam Burish in Oilers zone.
16:57 of 2nd period - Shot by Mike Richards.
16:57 of 2nd period - Shot Misses the Net.
17:38 of 2nd period - Jason Pominville is hit by Jay Bouwmeester and loses puck.
19:00 of 2nd period - Shot by Tuomo Ruutu.
19:00 of 2nd period - Shot Hit the Post.
19:38 of 2nd period - Shot by Chris Stewart.
19:38 of 2nd period - Shot Misses the Net.
19:40 of 2nd period - Shot by Tyler Myers.
19:40 of 2nd period - Stopped by Kari Lehtonen with a rebound.
19:42 of 2nd period - Shot by Mike Richards.
19:42 of 2nd period - Shot Misses the Net.
19:48 of 2nd period - Shot by Mike Richards.
19:48 of 2nd period - Shot Blocked by Chris Phillips.
19:50 of 2nd period - Shot by Mike Richards.
19:50 of 2nd period - Stopped by Kari Lehtonen without a rebound.
19:51 of 2nd period - Jochen Hecht wins face-off versus Jordan Staal in Oilers zone.

3rd period


0:01 of 3rd period - Dustin Jeffrey wins face-off versus Daniel Briere in neutral zone.
0:25 of 3rd period - Icing by Jeff Schultz.
0:26 of 3rd period - Dustin Jeffrey wins face-off versus Jordan Staal in Oilers zone.
0:33 of 3rd period - Trevor Daley is hit by Dany Heatley and loses puck.
0:54 of 3rd period - Shot by Jordan Staal.
0:54 of 3rd period - Shot Blocked by Nate Guenin.
2:22 of 3rd period - Shot by Adam Burish.
2:22 of 3rd period - Stopped by Corey Crawford without a rebound.
2:23 of 3rd period - Adam Burish wins face-off versus Mike Richards in Sabres zone.
4:03 of 3rd period - Shot by Jakub Voracek.
4:03 of 3rd period - Stopped by Corey Crawford without a rebound.
4:04 of 3rd period - Adam Burish wins face-off versus Daniel Briere in Sabres zone.
4:24 of 3rd period - Daniel Briere is hit by Jan Hejda.
4:28 of 3rd period - Shot by Thomas Vanek.
4:28 of 3rd period - Shot Misses the Net.
4:30 of 3rd period - Shot by Christian Ehrhoff.
4:30 of 3rd period - Shot Blocked by Scott Hannan.
4:30 of 3rd period - Scott Hannan from Oilers is injured at 4:30 of 3rd period (Left Foot).
4:31 of 3rd period - Jochen Hecht wins face-off versus Carson McMillan in Oilers zone.
4:53 of 3rd period - Shot by Patrick Kaleta.
4:53 of 3rd period - Deflect By Tuomo Ruutu.
4:53 of 3rd period - Shot Misses the Net.
4:58 of 3rd period - Icing by Jeff Schultz.
4:59 of 3rd period - Daniel Briere wins face-off versus Jochen Hecht in Oilers zone.
5:26 of 3rd period - Ladislav Smid is hit by Jakub Voracek and loses puck.
5:38 of 3rd period - Daniel Briere is hit by Nate Guenin and loses puck.
6:46 of 3rd period - Shot by Derek Roy.
6:46 of 3rd period - Stopped by Corey Crawford without a rebound.
6:47 of 3rd period - Adam Burish wins face-off versus Carson McMillan in Sabres zone.
6:58 of 3rd period - Shot by Adam Burish.
6:58 of 3rd period - Stopped by Corey Crawford with a rebound.
7:00 of 3rd period - Shot by Erik Gustafsson.
7:00 of 3rd period - Stopped by Corey Crawford without a rebound.
7:01 of 3rd period - Jordan Staal wins face-off versus Dustin Jeffrey in Sabres zone.
7:30 of 3rd period - Shot by Marian Hossa.
7:30 of 3rd period - Stopped by Kari Lehtonen without a rebound.
7:31 of 3rd period - Daniel Briere wins face-off versus Adam Burish in Oilers zone.
7:42 of 3rd period - Shot by Trevor Daley.
7:42 of 3rd period - Shot Misses the Net.
8:33 of 3rd period - Shot by Dany Heatley.
8:33 of 3rd period - Shot Blocked by Jay Bouwmeester.
8:35 of 3rd period - Shot by Jason Pominville.
8:35 of 3rd period - Stopped by Corey Crawford with a rebound.
8:37 of 3rd period - Shot by Jason Pominville.
8:37 of 3rd period - Goal by Jason Pominville - Sabres : 2 - Oilers : 1.
8:38 of 3rd period - Derek Roy wins face-off versus Jordan Staal in neutral zone.
8:51 of 3rd period - Icing by Ladislav Smid.
8:52 of 3rd period - Jordan Staal wins face-off versus Jochen Hecht in Sabres zone.
10:24 of 3rd period - Shot by Adam Burish.
10:24 of 3rd period - Stopped by Corey Crawford without a rebound.
10:25 of 3rd period - Daniel Briere wins face-off versus Jochen Hecht in Sabres zone.
10:41 of 3rd period - Shot by Thomas Vanek.
10:41 of 3rd period - Shot Blocked by Jeff Schultz.
11:03 of 3rd period - Shot by Thomas Vanek.
11:03 of 3rd period - Stopped by Kari Lehtonen without a rebound.
11:04 of 3rd period - Dustin Jeffrey wins face-off versus Mike Richards in Oilers zone.
11:04 of 3rd period - Dustin Jeffrey is hit by Patrick Kaleta.
11:07 of 3rd period - Icing by Jason Pominville.
11:08 of 3rd period - Dustin Jeffrey wins face-off versus Carson McMillan in Oilers zone.
11:27 of 3rd period - Patrick Kaleta is hit by Dustin Jeffrey and loses puck.
12:24 of 3rd period - Shot by Jochen Hecht.
12:24 of 3rd period - Deflect By Jakub Voracek.
12:24 of 3rd period - Goal by Jakub Voracek - Sabres : 2 - Oilers : 2.
12:25 of 3rd period - Radek Dvorak wins face-off versus Daniel Briere in neutral zone.
12:27 of 3rd period - Off-side.
12:28 of 3rd period - Adam Burish wins face-off versus Daniel Briere in neutral zone.
12:33 of 3rd period - Shot by Radek Dvorak.
12:33 of 3rd period - Shot Misses the Net.
12:35 of 3rd period - Shot by Jan Hejda.
12:35 of 3rd period - Shot Blocked by Ladislav Smid.
12:37 of 3rd period - Shot by Jan Hejda.
12:37 of 3rd period - Stopped by Corey Crawford without a rebound.
12:38 of 3rd period - Daniel Briere wins face-off versus Derek Roy in Sabres zone.
13:06 of 3rd period - Icing by Christian Ehrhoff.
13:07 of 3rd period - Daniel Briere wins face-off versus Jochen Hecht in Sabres zone.
14:09 of 3rd period - Shot by Marian Hossa.
14:09 of 3rd period - Stopped by Kari Lehtonen without a rebound.
14:10 of 3rd period - Adam Burish wins face-off versus Mike Richards in Oilers zone.
14:55 of 3rd period - Icing by Nate Guenin.
14:56 of 3rd period - Adam Burish wins face-off versus Daniel Briere in Oilers zone.
15:25 of 3rd period - Shot by Jason Pominville.
15:25 of 3rd period - Stopped by Corey Crawford without a rebound.
15:26 of 3rd period - Jordan Staal wins face-off versus Jochen Hecht in Sabres zone.
15:26 of 3rd period - Jordan Staal is hit by Chris Phillips.
15:45 of 3rd period - Shot by Jordan Staal.
15:45 of 3rd period - Shot Misses the Net.
15:47 of 3rd period - Shot by Marian Hossa.
15:47 of 3rd period - Stopped by Kari Lehtonen without a rebound.
15:48 of 3rd period - Derek Roy wins face-off versus Daniel Briere in Oilers zone.
15:55 of 3rd period - Tuomo Ruutu is hit by Derek Roy and loses puck.
16:18 of 3rd period - Shot by Dany Heatley.
16:18 of 3rd period - Shot Hit the Post.
16:20 of 3rd period - Shot by Nate Guenin.
16:20 of 3rd period - Shot Misses the Net.
16:33 of 3rd period - Icing by Ladislav Smid.
16:34 of 3rd period - Daniel Briere wins face-off versus Tomas Holmstrom in Sabres zone.
16:55 of 3rd period - Shot by Jordan Staal.
16:55 of 3rd period - Shot Misses the Net.
17:48 of 3rd period - Dan Cleary is hit by Dustin Jeffrey and loses puck.
17:53 of 3rd period - Shot by Dany Heatley.
17:53 of 3rd period - Stopped by Corey Crawford with a rebound.
17:55 of 3rd period - Shot by Jason Pominville.
17:55 of 3rd period - Shot Blocked by Jay Bouwmeester.
17:59 of 3rd period - Shot by Jason Pominville.
17:59 of 3rd period - Deflect By Dustin Jeffrey.
17:59 of 3rd period - Stopped by Corey Crawford without a rebound.
18:00 of 3rd period - Daniel Briere wins face-off versus Adam Burish in Sabres zone.
18:00 of 3rd period - Daniel Briere is hit by Ruslan Fedotenko.
18:11 of 3rd period - Daniel Briere is hit by Adam Burish and loses puck.
18:17 of 3rd period - Minor Penalty to Ladislav Smid for Delaying the game.
18:18 of 3rd period - Derek Roy wins face-off versus Mike Richards in Sabres zone.
18:24 of 3rd period - Derek Roy is hit by Andrej Sekera and loses puck.
18:37 of 3rd period - Shot by Derek Roy.
18:37 of 3rd period - Stopped by Corey Crawford without a rebound.
18:38 of 3rd period - Jordan Staal wins face-off versus Derek Roy in Sabres zone.
19:31 of 3rd period - Off-side.
19:32 of 3rd period - Daniel Briere wins face-off versus Jochen Hecht in neutral zone.
19:44 of 3rd period - Jakub Voracek is hit by Jay Bouwmeester and loses puck.

Overtime #1


0:01 of 1st overtime period - Mike Richards wins face-off versus Adam Burish in neutral zone.
0:23 of 1st overtime period - Shot by Erik Gustafsson.
0:23 of 1st overtime period - Shot Misses the Net.
0:48 of 1st overtime period - Shot by Jordan Staal.
0:48 of 1st overtime period - Shot Blocked by Erik Gustafsson.
0:50 of 1st overtime period - Shot by Jordan Staal.
0:50 of 1st overtime period - Stopped by Kari Lehtonen with a rebound.
0:52 of 1st overtime period - Shot by Marian Hossa.
0:52 of 1st overtime period - Deflect By Jordan Staal.
0:52 of 1st overtime period - Stopped by Kari Lehtonen with a rebound.
0:54 of 1st overtime period - Shot by Jordan Staal.
0:54 of 1st overtime period - Deflect By Marian Hossa.
0:54 of 1st overtime period - Shot Blocked by Jed Ortmeyer.
0:56 of 1st overtime period - Shot by Jordan Staal.
0:56 of 1st overtime period - Stopped by Kari Lehtonen without a rebound.
0:57 of 1st overtime period - Lennart Petrell wins face-off versus Jordan Staal in Oilers zone.
1:11 of 1st overtime period - Shot by Lennart Petrell.
1:11 of 1st overtime period - Stopped by Corey Crawford with a rebound.
1:31 of 1st overtime period - Shot by Jan Hejda.
1:31 of 1st overtime period - Shot Blocked by Jay Bouwmeester.
1:33 of 1st overtime period - Shot by Jan Hejda.
1:33 of 1st overtime period - Goal by Jan Hejda - Sabres : 2 - Oilers : 3.


Output by the SimonT Hockey Simulator (STHS) for Stephane Roy -- Original Page W3C XHTML 1.0 Valid
Hockey Simulator - Hockey Simulation - Hockey Manager